 Dungeon Crawl Stone Soup version 0.22.0-27-ga576289601 (webtiles) character file.

1481 Acheron the Sneak (level 9, -10/52 HPs)
             Began as a Kobold Necromancer on Aug 21, 2018.
             Was a Believer of Yredelemnul.
             Mangled by a porcupine (13 damage)
             ... on level 9 of the Dungeon.
             The game lasted 01:34:18 (8596 turns).

Acheron the Sneak (Kobold Necromancer)              Turns: 8596, Time: 01:34:19

Health: -10/52     AC:  8    Str:  6 (8)  XL:     9   Next: 7%
Magic:  15/15      EV: 12    Int: 14 (17) God:    Yredelemnul [**....]
Gold:   293        SH:  0    Dex: 15      Spells: 2/16 levels left

rFire    . . .     SeeInvis .   G - +2 rapier (venom)
rCold    . . .     Gourm    .   (shield restricted)
rNeg     . . .     Faith    .   c - +0 ring mail
rPois    .         Spirit   .   y - +0 helmet
rElec    .         Reflect  .   (no cloak)
rCorr    .         Harm     .   w - +1 pair of gloves
MR       ++...                  (no boots)
Stlth    +.........             f - amulet of the acrobat
HPRegen  0.17/turn              l - ring of protection from magic
MPRegen  0.14/turn              x - ring of protection from magic

@: confused, very slightly contaminated, heavily drained
A: small, carnivore
a: Animate Remains, Recall Undead Slaves, Injury Mirror, Renounce Religion


You were on level 9 of the Dungeon.
You worshipped Yredelemnul.
Yredelemnul was pleased with you.
You were completely stuffed.

You visited 2 branches of the dungeon, and saw 10 of its levels.

You collected 293 gold pieces.

Inventory:

Hand Weapons
 b - a +2 short sword
   (You took it off a kobold on level 2 of the Dungeon)
 g - a +4 falchion
   (You took it off an orc on level 9 of the Dungeon)
 h - a +0 hunting sling
   (You took it off a goblin on level 3 of the Dungeon)
 j - a +0 hand axe
   (You found it on level 2 of the Dungeon)
 k - a +0 trident
   (You took it off an orc on level 7 of the Dungeon)
 o - a cursed +0 spear of freezing
   (You took it off a wight on level 8 of the Dungeon)
 r - a +0 trident of venom
   (You found it on level 8 of the Dungeon)
 s - a +0 war axe
   (You found it on level 8 of the Dungeon)
 B - a cursed +2 scimitar of freezing
   (You took it off a wight on level 8 of the Dungeon)
 G - a +2 rapier of venom (weapon)
   (You found it on level 6 of the Dungeon)
 I - a +1 flail of protection
   (You took it off an orc on level 8 of the Dungeon)
Missiles
 i - 102 stones
 u - 10 tomahawks (quivered)
Armour
 c - a +0 ring mail (worn)
   (You found it on level 1 of the Dungeon)
 t - a +0 leather armour
   (You took it off an orc on level 3 of the Dungeon)
 w - a +1 pair of gloves (worn)
   (You found it on level 6 of the Dungeon)
 y - a +0 helmet (worn)
   (You found it on level 5 of the Dungeon)
Magical Staves
 A - an uncursed staff of conjuration {!a!d}
   (You found it on level 5 of the Dungeon)
 H - an uncursed staff of death
   (You found it on level 6 of the Dungeon)
Jewellery
 f - an amulet of the acrobat (around neck)
   (You found it on level 1 of the Dungeon)
 l - a ring of protection from magic (left hand)
   (You took it off a goblin on level 3 of the Dungeon)
 n - an uncursed ring of flight
   (You took it off a crimson imp on level 6 of the Dungeon)
 x - a ring of protection from magic (right hand)
   (You found it on level 8 of the Dungeon)
 F - an uncursed ring of flight
   (You found it on level 6 of the Dungeon)
Wands
 d - a wand of iceblast (3)
   (You found it on level 6 of the Dungeon)
Scrolls
 E - a scroll of fog
 J - 2 scrolls of magic mapping
Potions
 a - a potion of mutation {unknown}
 m - a potion of haste {unknown}
 p - a potion of degeneration {!q!d}
 v - a potion of might {unknown}
 C - a potion of flight
Comestibles
 e - 7 rations {!d}
 q - 2 chunks of flesh


   Skills:
 * Level 3.7(1.7) Fighting
 * Level 4.0(2.0) Short Blades
 * Level 1.4(0.0) Throwing
 * Level 1.9(0.0) Armour
 * Level 5.2(3.1) Dodging
 * Level 6.0(3.9) Stealth
 * Level 4.3(2.3) Spellcasting
 + Level 0.8(0.0) Conjurations
 * Level 5.3(3.3) Necromancy
 * Level 1.3(0.0) Transmutations
 + Level 0.6(0.0) Fire Magic
 * Level 3.3(1.3) Invocations
 * Level 2.0(0.1) Evocations


You had 2 spell levels left.
You knew the following spells:

 Your Spells              Type           Power        Failure   Level  Hunger
a - Pain                  Necr           ##..         24%         1    #......
b - Animate Dead          Necr           N/A          94%         4    #####..
c - Throw Flame           Conj/Fire      #.....       82%         2    ###....
d - Beastly Appendage     Tmut           #.....       67%         1    #......
e - Sticks to Snakes      Tmut           #.......     82%         2    ###....
q - Vampiric Draining     Necr           ##........   58%         3    ###....
z - Animate Skeleton      Necr           N/A          24%         1    #......

Your spell library contained the following spells:

 Spells                   Type           Power        Failure   Level  Hunger
 Flame Tongue             Conj/Fire      #....        67%         1    #......
 Regeneration             Chrm/Necr      #.........   82%         3    ###....
 Conjure Flame            Conj/Fire      #.......     96%         3    ###....
 Inner Flame              Hex/Fire       #.......     96%         3    ###....
 Spider Form              Tmut/Pois      #.........   96%         3    ###....
 Ice Form                 Ice/Tmut       #.......     100%        4    #####..
 Sticky Flame             Conj/Fire      #.......     100%        4    #####..
 Blade Hands              Tmut           #.........   100%        5    ######.
 Fireball                 Conj/Fire      #.........   100%        5    ######.


Dungeon Overview and Level Annotations

Branches:
Dungeon (9/15)             Temple (1/1) D:6
   Lair: D:8-11         Orc: D:9-12

Altars:
Ashenzari
Cheibriados
Dithmenos
Elyvilon
Fedhas
Gozag
Hepliaklqana
Kikubaaqudgha
Makhleb
Nemelex Xobeh
Okawaru
Ru
Sif Muna
Trog
Uskayaw
Vehumet
Wu Jian
Xom
Yredelemnul
Zin

Annotations:
D:1 exclusion: downstairs
D:3 exclusion: downstairs


Innate Abilities, Weirdness & Mutations

You are small and have problems with some larger weapons.
You are carnivorous and can eat meat at any time.


Message History

A wight comes into view. It is wielding an enchanted hand axe.
Your magical contamination has completely faded away.
There is a stone staircase leading down here.
You climb downwards.
A porcupine, a scorpion, an ice beast and a zombie come into view.
The porcupine moves out of view.
There is a stone staircase leading up here.
The porcupine completely misses you.
You hit the porcupine.
The porcupine is poisoned.
The porcupine bites you.
You are struck by the porcupine's spines.
You barely miss the porcupine. The porcupine bites you!
The ice beast hits you but does no damage.
You closely miss the porcupine.
The porcupine bites you but does no damage.
The ice beast hits you but does no damage.
The porcupine twitches its whiskers.
The porcupine closely misses you.
You closely miss the porcupine. The ice beast closely misses you.
The porcupine bites you!
* * * LOW HITPOINT WARNING * * *
Aim: a porcupine (heavily wounded, poisoned, chance to defeat MR: 63%)
The porcupine writhes in agony!
The ice beast closely misses you. The porcupine closely misses you.
Aim: a porcupine (severely wounded, poisoned, chance to defeat MR: 63%)
You miscast Pain.
You are very lightly contaminated with residual magic.
Your bones ache.
The porcupine bites you!
* * * LOW HITPOINT WARNING * * *
The ice beast hits you.
* * * LOW HITPOINT WARNING * * *
The ice beast freezes you!
* * * LOW HITPOINT WARNING * * *
Aim: a porcupine (severely wounded, poisoned, chance to defeat MR: 63%)
You miscast Pain.
Nothing appears to happen.
The porcupine barely misses you. The ice beast barely misses you.
Okay, then.
Okay, then.
It was a potion of magic.
Magic courses through your body.
The porcupine bites you but does no damage.
The ice beast closely misses you.
The porcupine bites you but does no damage.
It was a potion of ambrosia.
You are confused.
You feel invigorated. The ice beast hits you.
* * * LOW HITPOINT WARNING * * *
The ice beast freezes you.
* * * LOW HITPOINT WARNING * * *
The porcupine bites you!
You die...
Your body rises from the dead as a mindless zombie.

.# ... ########## ...
#.s......# ..
#[.......#
#####.####.......)#
......r@YsZ.......###
....#.####<.........#
# # #........#..#
####..###.... #.##
.... ...


P_P ..... .. ..###.. ..# .## You could see an ice beast, a scorpion, a porcupine
and a killer bee zombie.

Vanquished Creatures
  An orc warrior (D:7)
  An ogre (D:6)
  2 centaurs (D:6)
  A bullfrog (D:8)
  A wyvern skeleton (D:8)
  2 scorpions
  2 wights (D:8)
  A howler monkey (D:6)
  3 crimson imps (D:6)
  3 hounds
  4 orc wizards
  An iguana (D:6)
  10 worker ants
  A hound skeleton (D:7)
  8 adders
  An ooze (D:6)
  A worm (D:3)
  An adder skeleton (D:5)
  2 dart slugs (D:4)
  2 leopard geckos
  26 orcs
  2 ball pythons
  4 giant cockroaches
  8 goblins
  2 hobgoblins
  7 jackals
  4 kobolds
  A quokka (D:4)
  8 bats
  A frilled lizard (D:1)
  A quokka zombie (D:5)
  11 rats
123 creatures vanquished.

Vanquished Creatures (collateral kills)
  A wight (D:8)
  An orc priest (D:4)
  An adder (D:3)
  A rat (D:1)
4 creatures vanquished.

Vanquished Creatures (others)
  2 bushes (D:9)
  3 fungi (D:9)
  7 plants (D:9)
12 creatures vanquished.

Grand Total: 139 creatures vanquished

Notes
Turn   | Place    | Note
-------+----------+-------------------------------------------
     0 | D:1      | Acheron the Kobold Necromancer began the quest for the Orb.
     0 | D:1      | Reached XP level 1. HP: 10/10 MP: 3/3
   215 | D:1      | Reached skill level 3 in Stealth
   312 | D:1      | Reached XP level 2. HP: 15/15 MP: 1/5
   358 | D:1      | Learned a level 1 spell: Animate Skeleton
  1015 | D:1      | Reached XP level 3. HP: 16/20 MP: 3/6
  1103 | D:2      | Noticed a centaur
  1653 | D:3      | Learned a level 3 spell: Vampiric Draining
  1728 | D:3      | Found a basalt altar of Yredelemnul.
  1729 | D:3      | Found a sacrificial altar of Ru.
  1731 | D:3      | Found a radiant altar of Vehumet.
  1731 | D:3      | Found a snail-covered altar of Cheibriados.
  1731 | D:3      | Found a hide-covered altar of Uskayaw.
  1759 | D:3      | Became a worshipper of Yredelemnul the Dark
  1940 | D:4      | Noticed a scorpion
  1962 | D:3      | Reached XP level 4. HP: 20/24 MP: 3/7
  2067 | D:3      | Reached skill level 1 in Fighting
  2190 | D:3      | Reached skill level 4 in Stealth
  2634 | D:3      | Reached skill level 1 in Short Blades
  2634 | D:3      | Reached XP level 5. HP: 25/29 MP: 3/9
  2836 | D:4      | Reached skill level 1 in Invocations
  3000 | D:4      | Learned a level 4 spell: Animate Dead
  3006 | D:4      | Reached XP level 6. HP: 32/35 MP: 5/10
  3251 | D:4      | Noticed an ogre
  3704 | D:4      | Found a shadowy altar of Dithmenos.
  3853 | D:4      | Found a bloodstained altar of Trog.
  3893 | D:5      | Entered Level 5 of the Dungeon
  4321 | D:5      | Found a white marble altar of Elyvilon.
  4435 | D:5      | Noticed an ice beast
  4437 | D:5      | Reached XP level 7. HP: 40/40 MP: 11/11
  4695 | D:6      | Reached skill level 5 in Stealth
  5092 | D:8      | Noticed a hippogriff
  5293 | D:6      | Found a deep blue altar of Sif Muna.
  5298 | D:6      | Reached * piety under Yredelemnul
  5322 | D:6      | Reached skill level 1 in Armour
  5390 | D:6      | Found a staircase to the Ecumenical Temple.
  5404 | Temple   | Entered the Ecumenical Temple
  5650 | D:6      | Found an ancient bone altar of Kikubaaqudgha.
  5765 | D:6      | Reached skill level 5 in Necromancy
  5818 | D:6      | Reached XP level 8. HP: 15/46 MP: 7/13
  6177 | D:6      | Learned a level 2 spell: Throw Flame
  6179 | D:6      | Learned a level 1 spell: Beastly Appendage
  6182 | D:6      | Learned a level 2 spell: Sticks to Snakes
  6992 | D:7      | Reached skill level 1 in Evocations
  7228 | D:6      | Reached skill level 5 in Dodging
  7508 | D:8      | Reached skill level 1 in Throwing
  7520 | D:8      | Found a white marble altar of Elyvilon.
  7832 | D:8      | Reached skill level 1 in Transmutations
  7901 | D:8      | Reached skill level 6 in Stealth
  7901 | D:8      | Reached XP level 9. HP: 13/52 MP: 15/15
  8151 | D:9      | Found a bloodstained altar of Trog.
  8196 | D:8      | Noticed a troll
  8223 | D:9      | Reached ** piety under Yredelemnul
  8596 | D:9      | Mangled by a porcupine

Skill      XL: |  1  2  3  4  5  6  7  8  9 |
---------------+----------------------------+-----
Stealth        | 3 4 5 6 |  6.0
Dodging        | 3 4 5 |  5.2
Fighting       | 1 2 3 |  3.7
Short Blades   | 1 2 3 4 |  4.0
Spellcasting   | 3 4 |  4.3
Invocations    | 1 2 3 |  3.3
Armour         | 1 |  1.9
Necromancy     | 5 |  5.3
Evocations     | 2 |  2.0
Throwing       | 1 |  1.4
Transmutations | 1 |  1.3
Conjurations   | |  0.8
Fire Magic     | |  0.6

Action                   |  1- 3 |  4- 6 |  7- 9 || total
-------------------------+-------+-------+-------++-------
Melee: Club              |    13 |       |       ||    13
       Short sword       |     2 |    36 |   197 ||   235
       Rapier            |       |       |   125 ||   125
Throw: Stone             |       |     1 |       ||     1
       Tomahawk          |       |     3 |     8 ||    11
 Cast: Pain              |    61 |    71 |    64 ||   196
       Animate Skeleton  |     9 |     9 |    17 ||    35
Evoke: Wand              |       |       |     4 ||     4
  Use: Scroll            |     8 |     1 |     9 ||    18
       Potion            |       |     3 |    10 ||    13
 Stab: Sleeping          |       |     5 |     2 ||     7
       Distracted        |       |     1 |       ||     1
       Invisible         |       |       |     1 ||     1
  Eat: Chunk             |    12 |     8 |    14 ||    34
Armor: Robe              |     5 |     3 |       ||     8
       Leather armour    |       |     1 |    34 ||    35
       Ring mail         |       |       |    59 ||    59
Dodge: Dodged            |    16 |    38 |   250 ||   304
